 Dungeon Crawl Stone Soup version 0.28-a0-1624-g820543e53a (webtiles) character file.

Game seed: 1784634772529325537

2 jlumianski the Firebug (level 1, -1/14 HPs)
             Began as a Hill Orc Fire Elementalist on Jan 23, 2022.
             Slain by a jackal (2 damage)
             ... on level 1 of the Dungeon.
             The game lasted 00:02:29 (111 turns).

jlumianski the Firebug (Hill Orc Fire Elementalist)  Turns: 111, Time: 00:02:29

Health: -1/14      AC:  2    Str: 10    XL:     1   Next: 30%
Magic:  2/3        EV: 12    Int: 15    God:
Gold:   0          SH:  0    Dex: 11    Spells: 2/3 levels left

rFire   . . .      SeeInvis .   (no weapon)
rCold   . . .      Faith    .   (no shield)
rNeg    . . .      Spirit   .   a - +0 robe
rPois   .          Reflect  .   (no helmet)
rElec   .          Harm     .   (no cloak)
rCorr   .          Rampage  .   (no gloves)
Will    .....                   (no boots)
Stlth   ++........              (no amulet)
HPRegen 0.04/turn               (no ring)
MPRegen 0.08/turn               (no ring)

@: no status effects
A: no striking features
a: no special abilities


You were on level 1 of the Dungeon.
You visited 1 branch of the dungeon, and saw 1 of its levels.

Inventory:

Armour
 a - a +0 robe (worn)


   Skills:
 + Level 1.7 Dodging
 + Level 1.5 Stealth
 + Level 1.5 Spellcasting
 + Level 1.0 Conjurations
 + Level 3.3 Fire Magic


You had 2 spell levels left.
You knew the following spells:

 Your Spells              Type           Power      Damage    Failure   Level
a - Foxfire               Conj/Fire      28%        2x1d5     10%         1

Your spell library contained the following spells:

 Spells                   Type           Power      Damage    Failure   Level
 Scorch                   Fire           22%        2d6       9%          2
 Conjure Flame            Conj/Fire      7%         6-21      28%         3
 Inner Flame              Hex/Fire       6%         N/A       34%         3
 Gell's Gravitas          Tloc           1%         N/A       56%         3
 Teleport Other           Tloc           1%         N/A       56%         3
 Flame Wave               Conj/Fire      7%         2d5       67%         4
 Dispersal                Tloc           0%         N/A       100%        6


Dungeon Overview and Level Annotations

Branches:
Dungeon (1/15)

Altars:


Message History

The kobold shouts!
A nearby plant withers and dies.
The jackal misses you.
The jackal bites the plant.
The plant begins to die.
The jackal barely misses you.
The jackal bites the plant.
The plant begins to die.
A nearby plant withers and dies.
The jackal closely misses you.
The jackal bites the plant.
The plant begins to die.
A nearby plant withers and dies.
The jackal closely misses you.
The jackal bites the plant.
The plant begins to die.
Casting: Foxfire (safe; 10% risk of failure)
Confirm with . or Enter, or press ? or * to list all spells.
You conjure some foxfire!
A nearby plant withers and dies.
The foxfire hits the jackal.
The jackal is almost dead.
The jackal closely misses you.
A nearby plant withers and dies.
The foxfire hits the jackal.
You kill the jackal!
The jackal barely misses you. The jackal barely misses you.
The jackal misses you. The jackal bites you.
* * * LOW HITPOINT WARNING * * *
Casting: Foxfire (safe; 10% risk of failure)
Confirm with . or Enter, or press ? or * to list all spells.
You miscast Foxfire.
You are very lightly contaminated with residual magic.
Nothing appears to happen.
The jackal closely misses you. The jackal misses you.
The jackal closely misses you. The jackal closely misses you.
Your magical contamination has completely faded away.
The jackal bites you but does no damage.
Found a mace.
Found a stone staircase leading down.
The goblin shouts!
A dart slug comes into view.
The jackal bites you.
* * * LOW HITPOINT WARNING * * *
The jackal bites you.
You die... #.PP.PPP.PPP.P.PPP.PPP.PP. #.P.PPPPP.PPP.PPP.PPPPP.P. #.P.PPPPPP.PP.PP.PPPPPP.P. #.P.PPPPPPP.....PPPPPPP.P. #.PKPPPPPPPPP.PPPPPPPPP.P. #.P.PPPPPPPPP†PPPPPPPPP.P. #.PP.PPPPPPP.P.PPPPPPP. #.PPP.PPPP..PPP.PPPPP. #.PPPP..h@.PPPPP..... #.PPPPPPPPPPPPPPPP.PP

#..#.g.............§.
#.......##########
.........# ..)......#
..w...>### .#####


You could see a jackal, a goblin and a kobold.

Vanquished Creatures
  A jackal (D:1)
  A frilled lizard (D:1)
2 creatures vanquished.

Vanquished Creatures (collateral kills)
  A foxfire (D:1)
1 creature vanquished.

Vanquished Creatures (others)
  7 foxfires (D:1)
  20 plants (D:1)
27 creatures vanquished.

Grand Total: 30 creatures vanquished

Notes
Turn   | Place    | Note
-------+----------+-------------------------------------------
     0 | D:1      | jlumianski the Hill Orc Fire Elementalist began the quest
                  | for the Orb.
     0 | D:1      | Reached XP level 1. HP: 14/14 MP: 3/3
   111 | D:1      | Slain by a jackal

Illustrated notes

Levels and vault maps discovered:
D:1:      roderic_crop_circles_arrival_large, layout_basic,
          hellmonk_ecumenical_altar_arch_garden, chequers_serial_rivers_micro_c,
          lexackson_kobold_supper

Action                   || total
-------------------------++-------
Melee: Unarmed           ||     4
 Cast: Foxfire           ||     6
Armor: Robe              ||     1
Dodge: Dodged            ||    18

Table legend: (Time is in decaauts)
 A = Elapsed time spent in this place.
 B = Non-inter-level travel time spent in this place.
 C = Inter-level travel time spent in this place.
 D = Time resting spent in this place.
 E = Time spent auto-exploring this place.
 F = Levels seen in this place.
 G = Mean time per level.
                   A        B        C        D        E       F      G
               +--------+--------+--------+--------+--------+-----+--------+
         Total |    111 |    111 |      0 |      0 |     11 |   1 |  111.0 |
       Dungeon |    111 |    111 |      0 |      0 |     11 |   1 |  111.0 |
               +--------+--------+--------+--------+--------+-----+--------+

Top non-repeatable levels by time:
     D:1: 111 daAuts
